 Dungeon Sprint DCSS version 0.28-a0-1387-g3a22ab9bdc (webtiles) character file.

Game seed: 5285781794306738330

1484 mhtbhm the Cleaver (level 8, -9/65 (80) HPs)
             Began as a Minotaur Berserker on Jan 2, 2022.
             Was an Elder of Trog.
             Mangled by a soul eater (16 damage)
             ... summoned by an obsidian statue
             ... in the Dungeon (Sprint II: "The Violet Keep of Menkaure").
             The game lasted 00:01:40 (871 turns).

mhtbhm the Cleaver (Minotaur Berserker)              Turns: 871, Time: 00:01:41

HP:   -9/65 (80)    AC: 11    Str: 24    XL:     8   Next: 50%
MP:   7/7           EV: 10    Int:  4    God:    Trog [****..]
Gold: 383           SH:  0    Dex: 10    Spells: 7/7 levels left

rFire   + . .      SeeInvis .   a - +0 hand axe
rCold   . . .      Faith    .   (no shield)
rNeg    . . .      Spirit   .   b - +1 chain mail {rF+}
rPois   +          Reflect  .   (helmet restricted)
rElec   .          Harm     .   (no cloak)
rCorr   .          Rampage  .   (no gloves)
Will    .....      NoTele   +   (no boots)
Stlth   ..........              (no amulet)
HPRegen 0.20/turn               i - ring of poison resistance
MPRegen 0.10/turn               j - ring of flight

@: flying, mesmerised, heavily drained
A: horns 2, retaliatory headbutt, frail 1
a: Renounce Religion, Berserk, Trog's Hand, Brothers in Arms


You were in the Dungeon.
You worshipped Trog.
Trog was greatly pleased with you.
You visited 1 branch You collected 972 gold pieces.
You spent 589 gold pieces at shops.

Inventory:

Hand Weapons
 a - a +0 hand axe (weapon)
Armour
 b - a +1 chain mail of fire resistance (worn)
Jewellery
 i - a ring of poison resistance (left hand)
 j - a ring of flight (right hand)
Scrolls
 h - a scroll of blinking
Potions
 c - a potion of curing
 d - a potion of heal wounds
 e - a potion of haste
 f - 2 potions of magic
 g - a potion of berserk rage


   Skills:
 + Level 14.2 Fighting
 + Level 14.9 Axes
 + Level 7.5 Armour
 + Level 7.3 Dodging
 + Level 1.0 Stealth


You had 7 spell levels left.
You didn't know any spells.
Your spell library was empty.

Dungeon Overview and Level Annotations

Branches:
Dungeon (1/1)

Altars:

Shops:
D :=[[?([!=*=[!:(

Annotations:
D exclusions: obsidian statue and oklob plant


Innate Abilities, Weirdness & Mutations

You have a pair of horns on your head.
You reflexively headbutt those who attack you in melee.
You are frail. (-10% HP)


Message History

You hit the soul eater but do no damage.
You hit the obsidian statue but do no damage.
The obsidian statue is moderately damaged.
You hit the soul eater but do no damage. x2
The soul eater closely misses you. You furiously retaliate!
You headbutt the soul eater, but do no damage.
The soul eater draws from the surrounding life force!
You hit the obsidian statue but do no damage.
You headbutt the obsidian statue, but do no damage.
The obsidian statue is moderately damaged.
You hit the soul eater but do no damage. x2
You hit the obsidian statue.
The obsidian statue is moderately damaged.
You closely miss the soul eater.
You hit the soul eater but do no damage.
The soul eater hits you.
You feel drained. The soul eater hits you.
You feel drained.
You hit the obsidian statue but do no damage.
You headbutt the obsidian statue, but do no damage.
The obsidian statue is moderately damaged.
You hit the soul eater but do no damage.
You completely miss the soul eater. The soul eater hits you!
* * * LOW HITPOINT WARNING * * *
The soul eater hits you.
* * * LOW HITPOINT WARNING * * *
You feel drained.
The obsidian statue's eyes glow briefly.
You hit the obsidian statue but do no damage.
The obsidian statue is moderately damaged.
You barely miss the soul eater.
You hit the soul eater but do no damage.
You hit the obsidian statue but do no damage.
The obsidian statue is moderately damaged.
You hit the soul eater but do no damage.
You barely miss the soul eater. The soul eater hits you.
* * * LOW HITPOINT WARNING * * *
You feel drained.
* * * LOW HITPOINT WARNING * * *
The soul eater hits you!
You die...

▓▓▓▓▓▓▓###≈##.###'## .##§.....
#?ll######≈≈####.#÷####≈≈.....
#[Zl#{ ##≈≈≈#.###.#≈≈≈≈≈≈≈..
#∩PZ+$ #'#≈## ##≈≈≈≈≈≈≈≈. #[..
#(#≈≈##+##≈≈≈§≈≈≈≈≈≈ #($.
####≈≈≈≈≈≈≈≈≈≈≈≈§≈≈≈ ##+
#'''#+++#≈≈≈≈≈≈§≈
##○○.°○°.##§§≈###≈
#○○3@3○5°.##≈≈#
+°°°.°85°...+≈≈#
##°°°°°.°○○##≈≈≈§ ##°°°..○○##
#### ####+#### SS§§


You could see an obsidian statue (mesmerising), 2 soul eaters and 2 crimson
imps.

Vanquished Creatures
  A merfolk siren (D)
  2 wyverns (D)
  4 neqoxecs (D)
  Menkaure (D)
  4 scorpions (D)
  A hell rat (D)
13 creatures vanquished.

Notes
Turn   | Place    | Note
-------+----------+-------------------------------------------
     0 | D        | mhtbhm the Minotaur Berserker began the quest for the Orb.
     0 | D        | Reached XP level 1. HP: 19/19 MP: 0/0
     1 | D        | Noticed a scorpion
     1 | D        | Noticed a scorpion
     3 | D        | Killed a scorpion
     4 | D        | Reached XP level 2. HP: 31/31 MP: 1/1
     4 | D        | Reached XP level 3. HP: 38/38 MP: 2/2
     7 | D        | Killed a scorpion
     8 | D        | Reached XP level 4. HP: 48/48 MP: 3/3
    98 | D        | Noticed a scorpion
    98 | D        | Noticed a scorpion
   100 | D        | Killed a scorpion
   100 | D        | Reached ** piety under Trog
   101 | D        | Reached XP level 5. HP: 56/56 MP: 4/4
   102 | D        | Reached skill level 5 in Armour
   130 | D        | Noticed a wyvern
   130 | D        | Noticed a wyvern
   140 | D        | Killed a wyvern
   141 | D        | Reached skill level 10 in Fighting
   141 | D        | Reached skill level 5 in Dodging
   141 | D        | Reached XP level 6. HP: 11/67 MP: 5/5
   393 | D        | Killed a wyvern
   394 | D        | Reached XP level 7. HP: 71/75 MP: 6/6
   400 | D        | Noticed a merfolk siren
   414 | D        | Killed a merfolk siren
   414 | D        | Reached *** piety under Trog
   629 | D        | Noticed a neqoxec
   629 | D        | Noticed a neqoxec
   629 | D        | Noticed a neqoxec
   629 | D        | Noticed a neqoxec
   637 | D        | Killed a neqoxec
   643 | D        | Killed a neqoxec
   644 | D        | Reached XP level 8. HP: 86/86 MP: 7/7
   646 | D        | Gained mutation: You are frail. (-10% HP) [a neqoxec]
   651 | D        | Reached **** piety under Trog
   654 | D        | Reached skill level 1 in Stealth
   686 | D        | Found Cuifasko's Distillery.
   686 | D        | Found Jibuseef's Antique Armour Shop.
   686 | D        | Found Juacos's General Store.
   686 | D        | Found Sidaimog's Distillery.
   686 | D        | Found Zeicy's Antique Weapon Boutique.
   687 | D        | Found Mutacy's Weapon Shop.
   687 | D        | Found Odaclax's Antique Armour Boutique.
   687 | D        | Found Boskog's Jewellery Shop.
   687 | D        | Found Ciyriage's Magic Scroll Boutique.
   687 | D        | Found Ynnasuc's Armour Shop.
   688 | D        | Found Siry's Book Boutique.
   688 | D        | Found Fackupeck's Jewellery Shop.
   688 | D        | Found Ydiulit's Armour Shop.
   688 | D        | Found Emeupluu's Jewellery Boutique.
   765 | D        | Noticed Menkaure
   765 | D        | Noticed an oklob plant
   766 | D        | Found Meppacua's Book Shoppe.
   781 | D        | Killed Menkaure
   806 | D        | Bought a +1 chain mail of fire resistance for 214 gold
                  | pieces
   813 | D        | Bought a ring of poison resistance for 200 gold pieces
   814 | D        | Bought a ring of flight for 175 gold pieces
   837 | D        | Noticed an obsidian statue
   860 | D        | Noticed a soul eater
   860 | D        | Noticed a soul eater
   871 | D        | Mangled by a soul eater

Illustrated notes

Levels and vault maps discovered:
D:        the_violet_keep_of_menkaure [sprint2_stairs_cluster_1,
          sprint2_shoproom, sprint2_temple, sprint2_basic_supplies,
          sprint2_obstacle_3, sprint2_obstacle_5, sprint2_obstacle_6,
          sprint2_obstacle_4, sprint2_obstacle_2, sprint2_timed_cluster_1,
          sprint2_smallroom_cluster_1, sprint2_smallroom_final_cluster_1,
          sprint2_transparent_cluster_1, sprint2_second_timed_cluster_1,
          sprint2_sniper_area_1, sprint2_heavy_combat_area_1,
          sprint2_mutation_trap_area_1, sprint2_forest_area_1,
          sprint2_light_combat_area_1, sprint2_behind_water_1,
          sprint2_near_end_vault_1]

Skill      XL: |  1  2  3  4  5  6  7  8 |
---------------+-------------------------+-----
Fighting       | 6 7 8 10 11 13 14 | 14.2
Axes           | 6 8 9 11 12 13 14 | 14.9
Armour         | 3 4 5 6 7 |  7.5
Dodging        | 3 4 5 6 7 |  7.3
Stealth        | 1 |  1.0

Action                   |  1- 3 |  4- 6 |  7- 9 || total
-------------------------+-------+-------+-------++-------
Melee: Hand axe          |     5 |    12 |    65 ||    82
       Headbutt          |     1 |     4 |    20 ||    25
Invok: Berserk           |     1 |     2 |     1 ||     4
Armor: Animal skin       |       |     1 |       ||     1
Dodge: Dodged            |     1 |     7 |    11 ||    19

Table legend: (Time is in decaauts)
 A = Elapsed time spent in this place.
 B = Non-inter-level travel time spent in this place.
 C = Inter-level travel time spent in this place.
 D = Time resting spent in this place.
 E = Time spent auto-exploring this place.
 F = Levels seen in this place.
 G = Mean time per level.
                   A        B        C        D        E       F      G
               +--------+--------+--------+--------+--------+-----+--------+
         Total |    886 |    886 |      0 |    681 |      0 |   1 |  886.0 |
       Dungeon |    886 |    886 |      0 |    681 |      0 |   1 |  886.0 |
               +--------+--------+--------+--------+--------+-----+--------+

Top non-repeatable levels by time:
       D: 886 daAuts
